 Dungeon Crawl Stone Soup version 0.30-a0-358-g0d69a1922f (webtiles) character file.

Game seed: 8276046251928623186

10987 p00ps00p the Cleaver (level 11, 0/102 HPs)
             Began as a Hill Orc Fighter on Nov 9, 2022.
             Was an Initiate of Gozag.
             Slain by a two-headed ogre
             ... wielding a +0 giant spiked club
              (3 damage)
             ... on level 2 of the Orcish Mines.
             The game lasted 00:27:53 (16487 turns).

p00ps00p the Cleaver (Hill Orc Fighter)            Turns: 16487, Time: 00:27:54

Health: 0/102      AC: 21    Str: 24    XL:     11   Next: 70%
Magic:  11/11      EV:  6    Int:  8    God:    Gozag
Gold:   679        SH: 13    Dex: 10    Spells: 10/10 levels left

rFire   . . .      SeeInvis +    B - +2 hand axe (vamp)
rCold   . . .      Faith    .    M - +2 kite shield {reflect}
rNeg    . . .      Spirit   .    C - +0 plate armour
rPois   .          Reflect  +    F - +1 helmet
rElec   .          Harm     .    L - +0 cloak {Will+}
rCorr   +          Rampage  +    (no gloves)
Will    +....                    K - +1 pair of boots {rampage}
Stlth   ..........               (no amulet)
HPRegen 0.37/turn                H - ring of resist corrosion
MPRegen 0.12/turn                b - ring of see invisible

@: mighty, gold aura, hasted, very quick
A: no striking features
a: Renounce Religion, Potion Petition, Call Merchant, Bribe Branch


You were on level 2 of the Orcish Mines.
You worshipped Gozag.
Gozag was pleased with you.
You visited 3 branches of the dungeon, and saw 13 of its levels.
You visited the Abyss 1 time.

You collected 2231 gold pieces.
You spent 786 gold pieces at shops.
You paid 766 gold pieces to Gozag.

Inventory:

Hand Weapons
 a - a +2 war axe of protection
 y - a +4 short sword of speed
 B - a +2 vampiric hand axe (weapon)
Missiles
 f - 2 throwing nets
 r - 11 boomerangs (quivered)
 w - 2 curare-tipped darts
 z - 23 poisoned darts
Armour
 c - a +1 buckler
 A - a +0 pair of boots
 C - a +0 plate armour (worn)
 F - a +1 helmet (worn)
 K - a +1 pair of boots of rampaging (worn)
 L - a +0 cloak of willpower (worn)
 M - a +2 kite shield of reflection (worn)
Jewellery
 b - a ring of see invisible (right hand)
 l - an amulet of the acrobat
 D - an amulet of faith
 H - a ring of resist corrosion (left hand)
Wands
 o - a wand of digging (2)
 x - a wand of flame (12)
 G - a wand of paralysis (12)
Scrolls
 h - 5 scrolls of vulnerability
 i - a scroll of torment
 m - 3 scrolls of poison
 E - a scroll of identify
 I - a scroll of brand weapon
 J - a scroll of fog {unknown}
Potions
 e - 2 potions of heal wounds {unknown}
 g - 2 potions of degeneration
 j - a potion of ambrosia {unknown}
 n - a potion of mutation {unknown}
 p - 3 potions of brilliance
 q - 2 potions of attraction
 t - 2 potions of flight
 u - a potion of haste


   Skills:
 + Level 11.5 Fighting
 + Level 12.1 Axes
 + Level 10.6 Armour
 + Level 10.6 Shields


You had 10 spell levels left.
You didn't know any spells.
Your spell library contained the following spells:

 Spells                   Type           Power      Damage    Failure   Level
 Apportation              Tloc           0%         N/A       100%        1
 Necrotise                Necr           0%         1d4       100%        1
 Summon Small Mammal      Summ           0%         N/A       100%        1
 Static Discharge         Conj/Air       0%         2-2/arc   100%        2
 Hailstorm                Conj/Ice       0%         3d3       100%        3
 Vhi's Electric Charge    Tloc/Air       0%         N/A       100%        3
 Ice Form                 Ice/Tmut       0%         N/A       100%        4
 Arcjolt                  Conj/Air       0%         1d10      100%        5
 Lightning Bolt           Conj/Air       0%         1d11      100%        5
 Simulacrum               Ice/Necr       Unusable   N/A       N/A         6

Dungeon Overview and Level Annotations

Branches:
Dungeon (10/15)            Temple (1/1) D:5            Lair (0/5) D:9
    Orc (2/2) D:9             Elf (0/3) Orc:2

Altars:
Ashenzari
Cheibriados
Dithmenos
Elyvilon
Fedhas
Gozag
Hepliaklqana
Kikubaaqudgha
Makhleb
Nemelex Xobeh
Okawaru
Qazlal
Ru
Sif Muna
Trog
Uskayaw
Vehumet
Wu Jian
Xom
Yredelemnul
Zin
The Shining One

Shops:
D:1 ?   D:9 [

Annotations:
Orc:1 2 transporters, Degu's ghost, journeyman DsBe
Orc:2 1 runed translucent door, lunkers's ghost, journeyman MeFi


Message History

The two-headed ogre is moderately wounded.
The two-headed ogre is no longer distracted by gold.
You hit the two-headed ogre but do no damage.
The two-headed ogre is moderately wounded.
You block the two-headed ogre's attack.
The two-headed ogre hits you with a +0 giant spiked club.
You barely miss the two-headed ogre.
The two-headed ogre is moderately wounded.
You hit the two-headed ogre.
You feel better.
The two-headed ogre hits you with a +0 giant club! x2
You hit the two-headed ogre.
The two-headed ogre is heavily wounded.
You hit the two-headed ogre. x2
The two-headed ogre hits you with a +0 giant club!
The two-headed ogre hits you with a +0 giant spiked club.
You feel very mighty all of a sudden. You block the two-headed ogre's attack.
The two-headed ogre hits you but does no damage.
The two-headed ogre closely misses you.
The two-headed ogre hits you with a +0 giant club!
You hit the two-headed ogre.
The two-headed ogre is heavily wounded.
You slash the two-headed ogre!
You feel better.
You barely miss the two-headed ogre. You block the two-headed ogre's attack.
The two-headed ogre hits you with a +0 giant spiked club.
The two-headed ogre hits you with a +0 giant spiked club!
The two-headed ogre hits you but does no damage.
You barely miss the two-headed ogre.
The two-headed ogre is heavily wounded.
You slash the two-headed ogre! You hit the two-headed ogre.
You feel better.
You block the two-headed ogre's attack. x2
The two-headed ogre hits you with a +0 giant club!!
* * * LOW HITPOINT WARNING * * *
The two-headed ogre hits you with a +0 giant spiked club!
* * * LOW HITPOINT WARNING * * *
Okay, then.
It was a potion of haste.
You feel yourself speed up.
The two-headed ogre hits you with a +0 giant spiked club.
You die...
Your body crumbles into a pile of gold.

#.........#####..........#.#
##.........## ###.......####
####...[.....# #.##.......##
##............###.#.........##
##.............##.............#
#................#.....#.......
#....................###.#.....
#.........#....O.....###.#.....
#......#####$$@O......######...
#.#......####<.$O.....## #.....
#.##......#.#.........#####.....
###.#...................#.....#.
#...........[...##.....#.....##
##.#.........##.####.........##
#..........### #..........#
##..#.....#### ##.....##### ##
##....##.## ###...# #


You could see 3 two-headed ogres.

Vanquished Creatures
  A two-headed ogre (D:8)
  An ogre mage (Orc:2)
  Pikel (D:9)
  An orc sorcerer (Orc:1)
  3 orc knights (Orc:1)
  A komodo dragon (D:9)
  8 yaks
  3 wyverns
  A steam dragon (D:6)
  3 wargs (Orc:1)
  7 water moccasins
  5 orc warriors
  4 black bears
  An ice beast (D:7)
  2 sky beasts (D:7)
  4 ogres
  2 centaurs
  A lemure (D:9)
  A phantom (D:5)
  3 kobold brigands
  5 bullfrogs
  A necrophage (D:7)
  4 scorpions
  3 wights
  13 killer bees
  A howler monkey (D:4)
  4 hounds
  A jelly (D:6)
  A gnoll bouda (D:4)
  13 orc priests
  3 iguanas
  18 orc wizards
  3 gnolls (D:4)
  3 adders
  A shadow imp (D:5)
  A white imp (D:4)
  An ufetubus (D:6)
  2 dart slugs (D:2)
  52 orcs
  6 endoplasms
  2 giant cockroaches
  6 goblins
  3 hobgoblins
  7 jackals
  2 quokkas
  7 ball pythons
  8 bats
  4 frilled lizards
  24 kobolds
  5 rats
257 creatures vanquished.

Vanquished Creatures (collateral kills)
  A steam dragon (D:6)
1 creature vanquished.

Vanquished Creatures (others)
  19 fungi (D:9)
  18 plants (D:9)
37 creatures vanquished.

Grand Total: 295 creatures vanquished

Notes
Turn   | Place    | Note
-------+----------+-------------------------------------------
     0 | D:1      | p00ps00p the Hill Orc Fighter began the quest for the Orb.
     0 | D:1      | Reached XP level 1. HP: 19/19 MP: 1/1
   184 | D:1      | Reached XP level 2. HP: 27/27 MP: 2/2
   189 | D:1      | Found a faded altar of an unknown god.
   222 | D:1      | Reached skill level 3 in Axes
   434 | D:1      | Reached XP level 3. HP: 33/33 MP: 3/3
   477 | D:1      | Found Quntuich's Magic Scroll Shoppe.
  1399 | D:2      | Reached XP level 4. HP: 34/40 MP: 4/4
  2549 | D:4      | Reached skill level 4 in Axes
  2663 | D:4      | Reached XP level 5. HP: 47/47 MP: 5/5
  2985 | D:4      | Identified the +6 dagger "Malir" {elec, rN+ Str+2}
  3191 | D:4      | Found a hazy altar of Hepliaklqana.
  3222 | D:4      | Reached skill level 5 in Fighting
  3222 | D:4      | Reached XP level 6. HP: 56/56 MP: 6/6
  4420 | D:5      | Entered Level 5 of the Dungeon
  4427 | D:5      | Noticed a water moccasin
  4441 | D:5      | Killed a water moccasin
  4442 | D:5      | Reached skill level 5 in Axes
  4442 | D:5      | Reached skill level 5 in Shields
  4442 | D:5      | Found Apusosko's Magic Scroll Shoppe.
  4556 | D:5      | Reached skill level 5 in Armour
  4558 | D:5      | Reached XP level 7. HP: 57/61 MP: 7/7
  5138 | D:5      | Reached skill level 6 in Axes
  5554 | D:5      | Found an ancient bone altar of Kikubaaqudgha.
  5647 | D:5      | Found a staircase to the Ecumenical Temple.
  5921 | Temple   | Entered the Ecumenical Temple
  5932 | Temple   | Became a worshipper of Gozag Ym Sagoz the Greedy
  6088 | D:6      | Reached XP level 8. HP: 71/71 MP: 8/8
  7141 | D:6      | Reached skill level 7 in Axes
  8125 | D:6      | Found a hide-covered altar of Uskayaw.
  8142 | D:6      | Reached XP level 9. HP: 71/79 MP: 9/9
  8953 | D:7      | Reached skill level 8 in Axes
 10275 | D:7      | Found an iron altar of Okawaru.
 10455 | D:8      | Noticed a two-headed ogre
 10460 | D:8      | Reached skill level 9 in Axes
 10469 | D:8      | Killed a two-headed ogre
 10470 | D:8      | Reached XP level 10. HP: 65/91 MP: 10/10
 10836 | D:8      | Reached skill level 10 in Axes
 12022 | D:9      | Reached skill level 10 in Fighting
 12159 | D:9      | Reached skill level 11 in Axes
 12193 | D:9      | Found a staircase to the Lair.
 12213 | D:9      | Reached XP level 11. HP: 101/101 MP: 11/11
 12223 | D:10     | Entered Level 10 of the Dungeon
 13071 | D:9      | Found an ornate altar of the Wu Jian Council.
 13090 | D:9      | Found a staircase to the Orcish Mines.
 13213 | D:9      | Noticed Pikel
 13226 | D:9      | Killed Pikel
 13332 | D:9      | Bought a pair of glowing boots for 262 gold pieces
 13332 | D:9      | Bought a glowing cloak for 262 gold pieces
 13398 | Orc:1    | Entered Level 1 of the Orcish Mines
 13518 | D:9      | Bought a glowing kite shield for 262 gold pieces
 13695 | Orc:1    | Found a transporter.
 13731 | Orc:1    | Noticed a moth of wrath
 13746 | Orc:1    | Found a transporter.
 13827 | Orc:1    | Noticed Degu's ghost (journeyman DsBe)
 13876 | Orc:2    | Entered Level 2 of the Orcish Mines
 13876 | Orc:2    | Noticed an orc sorcerer
 13891 | Abyss:2  | Cast into level 2 of the Abyss (orc sorcerer)
 13898 | Abyss:2  | Noticed a tentacled starspawn
 13900 | Orc:2    | Escaped the Abyss
 13918 | Orc:1    | Killed an orc sorcerer
 13919 | Orc:1    | Reached skill level 10 in Armour
 13919 | Orc:1    | Reached skill level 10 in Shields
 14297 | Orc:2    | Noticed an orc knight
 14393 | Orc:1    | Killed an orc knight
 14858 | Orc:2    | Noticed an orc knight
 15269 | Orc:1    | Killed an orc knight
 15519 | Orc:2    | Found a staircase to the Elven Halls.
 15609 | Orc:2    | Noticed an orc knight
 15700 | Orc:1    | Killed an orc knight
 16133 | Orc:2    | Reached skill level 12 in Axes
 16250 | Orc:2    | Found a runed translucent door.
 16255 | Orc:2    | Noticed lunkers's ghost (journeyman MeFi)
 16286 | Orc:2    | Noticed a two-headed ogre
 16286 | Orc:2    | Noticed a two-headed ogre
 16286 | Orc:2    | Noticed a two-headed ogre
 16287 | Orc:2    | Noticed a two-headed ogre
 16288 | Orc:2    | Noticed a two-headed ogre
 16288 | Orc:2    | Noticed a two-headed ogre
 16290 | Orc:2    | Noticed a two-headed ogre
 16291 | Orc:2    | Noticed an ogre mage
 16424 | Orc:2    | Noticed an ogre mage
 16439 | Orc:2    | Paralysed by an ogre mage for 3 turns
 16443 | Orc:2    | Killed an ogre mage
 16466 | Orc:2    | Noticed a two-headed ogre
 16473 | Orc:2    | Noticed a two-headed ogre
 16486 | Orc:2    | HP: 3/102 [two-headed ogre/+0 giant club (13)]
 16487 | Orc:2    | Slain by a two-headed ogre

Illustrated notes

Levels and vault maps discovered:
D:1:      minmay_arrival_doors, layout_loops_cross, serial_shops, shop,
          shapermc_ecumenical_altar_totnotflames, hangedman_decor_peaks_small
D:2:      layout_basic
D:3:      layout_basic
D:4:      layout_basic, worldfamousw_hep_ancestral_shrine, grunt_ministairs_8
D:5:      layout_basic, mainiacjoe_overflow_concentric_impassable,
          minmay_temple_entry_proselytizer, serial_shops, nicolae_shop_crystal
D:6:      layout_loops_corners, kennysheep_mini
D:7:      layout_loops_ring, marbit_many_paths
D:8:      layout_rooms, hangedman_abyss_or_decor_clamps
D:9:      layout_rooms, pdpol_wu_jian_five_deadly_venoms,
          due_lair_maze_entry_diamond, orc_0_dummy, nrook_uturn, uniq_pikel
D:10:     kennysheep_blocky_hall, layout_long_grid, grunt_ministairs_7,
          uniq_snorg, uniq_psyche
Temple:   sentei_temple_godly_chess
Orc:1:    layout_caves, gammafunk_ghost_berserking_beasts
Orc:2:    st_orc_ogre_mass, layout_diamond_mine, ebering_ghost_reflecting_pool

Skill      XL: |  1  2  3  4  5  6  7  8  9 10 11 |
---------------+----------------------------------+-----
Axes           | 3 4 5 6 7 9 11 12 | 12.1
Fighting       | 4 5 6 7 9 10 11 | 11.5
Shields        | 4 5 6 8 9 10 | 10.6
Armour         | 4 5 6 8 9 10 | 10.6

Action                   |  1- 3 |  4- 6 |  7- 9 | 10-12 || total
-------------------------+-------+-------+-------+-------++-------
Melee: War axe           |    97 |    11 |    66 |    45 ||   219
       Short sword       |       |   133 |   408 |       ||   541
       Hand axe          |       |       |       |   566 ||   566
Throw: Boomerang         |       |     3 |       |     1 ||     4
Invok: Call Merchant     |       |       |       |     1 ||     1
Evoke: Wand              |       |       |     1 |     1 ||     2
  Use: Scroll            |       |    10 |    10 |     6 ||    26
       Potion            |       |     1 |     2 |     8 ||    11
 Stab: Distracted        |       |       |       |     4 ||     4
Armor: Scale mail        |    60 |    40 |       |       ||   100
       Plate armour      |       |    13 |   263 |   343 ||   619
       Skin              |       |     1 |     3 |       ||     4
Dodge: Dodged            |    52 |    47 |   107 |   180 ||   386
Block: Buckler           |    22 |    29 |   126 |   135 ||   312
       Kite shield       |       |       |       |   157 ||   157
       Reflection        |       |       |       |     2 ||     2

Table legend: (Time is in decaauts)
 A = Elapsed time spent in this place.
 B = Non-inter-level travel time spent in this place.
 C = Inter-level travel time spent in this place.
 D = Time resting spent in this place.
 E = Time spent auto-exploring this place.
 F = Levels seen in this place.
 G = Mean time per level.
                   A        B        C        D        E       F      G
               +--------+--------+--------+--------+--------+-----+--------+
         Total |  16291 |  15815 |    476 |   6339 |   6051 |  14 | 1163.6 |
       Dungeon |  13361 |  12897 |    464 |   4804 |   5828 |  10 | 1336.1 |
        Temple |     20 |     11 |      9 |      0 |      2 |   1 |   20.0 |
  Orcish Mines |   2900 |   2898 |      2 |   1535 |    221 |   2 | 1450.0 |
         Abyss |      8 |      8 |      0 |      0 |      0 |   1 |    8.0 |
               +--------+--------+--------+--------+--------+-----+--------+

Top non-repeatable levels by time:
     D:6: 2303 daAuts
     D:4: 2125 daAuts
   Orc:1: 2092 daAuts
     D:5: 1708 daAuts
     D:7: 1632 daAuts
     D:8: 1568 daAuts
     D:3: 933 daAuts
     D:9: 896 daAuts
     D:1: 815 daAuts
   Orc:2: 808 daAuts
     D:2: 736 daAuts
    D:10: 641 daAuts
  Temple: 20 daAuts
 Abyss:2: 8 daAuts
